 Dungeon Crawl Stone Soup version 0.30-a0-723-gc1506a1cf0 (webtiles) character file.

Game seed: 3065717954765795064

8 OTABOTABOTAB the Caller (level 2, 17/17 HPs)
             Began as an Octopode Summoner on Jan 29, 2023.
             Quit the game on level 1 of the Dungeon.
             The game lasted 00:00:40 (415 turns).

OTABOTABOTAB the Caller (Octopode Summoner)          Turns: 415, Time: 00:00:40

Health: 17/17      AC:  1    Str:  7    XL:     2   Next: 8%
Magic:  5/5        EV: 13    Int: 17    God:
Gold:   16         SH:  0    Dex: 12    Spells: 2/5 levels left

rFire   . . .      SeeInvis .    a - +0 dagger
rCold   . . .      Faith    .    (no shield)
rNeg    . . .      Spirit   .    (helmet restricted)
rPois   .          Reflect  .    (no amulet)
rElec   .          Harm     .    (no ring)
rCorr   .          Rampage  .    (no ring)
Will    .....                    (no ring)
Stlth   +++                      (no ring)
HPRegen 0.22/turn                (no ring)
MPRegen 0.09/turn                (no ring)
                                 (no ring)
                                 (no ring)

@: no status effects
A: almost no armour, amphibious, 8 rings, camouflage 1, gelatinous body 1,
(nimble swimmer 1), tentacles
a: no special abilities


You were on level 1 of the Dungeon.
You visited 1 branch of the dungeon, and saw 1 of its levels.

You collected 16 gold pieces.

Inventory:

Hand Weapons
 a - a +0 dagger (weapon)
   (You took it off a kobold on level 1 of the Dungeon)
 b - a +0 club
   (You took it off a goblin on level 1 of the Dungeon)
 e - a +0 sling
   (You found it on level 1 of the Dungeon)
Missiles
 s - 18 stones
Scrolls
 c - a scroll of poison {unknown}
 d - a scroll of identify {unknown}
Potions
 f - a potion of flight {unknown}
 M - a potion of magic


   Skills:
 + Level 2.2 Dodging
 + Level 3.0 Stealth
 + Level 2.1 Spellcasting
 + Level 4.1 Summonings


You had 2 spell levels left.
You knew the following spells:

 Your Spells              Type           Power      Damage    Failure   Level
a - Summon Small Mammal   Summ           60%        N/A       3%          1
c - Call Imp              Summ           15%        N/A       5%          2

Your spell library contained the following spells:

 Spells                   Type           Power      Damage    Failure   Level
 Call Canine Familiar     Summ           15%        N/A       11%         3
 Summon Guardian Golem    Hex/Summ       8%         N/A       24%         3
 Summon Lightning Spire   Summ/Air       8%         N/A       63%         4


Dungeon Overview and Level Annotations

Branches:
Dungeon (1/15)

Altars:


Innate Abilities, Weirdness & Mutations

You cannot wear most types of armour.
You are amphibious.
You can wear up to eight rings at the same time.
Your skin changes colour to match your surroundings (Stealth+).
Your rubbery body absorbs attacks. (AC +1, EV +1)
((You are camouflaged when in or above water. (Stealth+)))
You have tentacles for arms and can constrict up to eight enemies at once.


Message History

Health restored: 11; MP restored: 3 A giant cockroach is nearby!
You throw a stone.
The stone hits the giant cockroach but does no damage.
Your quokka disappears in a puff of smoke!
You throw a stone.
The stone hits the giant cockroach but does no damage.
You throw a stone.
The stone hits the giant cockroach but does no damage.
You now have 2/3 mp.
Your rat closely misses the giant cockroach.
The giant cockroach barely misses you.
Your rat bites the giant cockroach but does no damage.
You barely miss the giant cockroach. You grab the giant cockroach.
Your squeeze misses the giant cockroach.
You constrict the giant cockroach.
The giant cockroach bites you but does no damage.
Your rat barely misses the giant cockroach.
You tentacle-slap the giant cockroach but do no damage.
You constrict the giant cockroach, but do no damage.
The giant cockroach barely misses you.
Your rat bites the giant cockroach.
You tentacle-slap the giant cockroach but do no damage.
You constrict the giant cockroach. The giant cockroach bites you.
Your rat bites the giant cockroach but does no damage.
You take 2 damage, and have 9/11 hp.
You tentacle-slap the giant cockroach but do no damage.
You constrict the giant cockroach, but do no damage.
The giant cockroach barely misses you. x2
Your rat bites the giant cockroach but does no damage.
You tentacle-slap the giant cockroach but do no damage.
You constrict the giant cockroach.
You kill the giant cockroach!
You see here a giant cockroach corpse.
A goblin comes into view. It is wielding a +0 club.
Health restored: 11; MP restored: 3 A goblin is nearby!
Unknown command.
You now have 2/3 mp.
You see here 8 stones.
The helpless goblin fails to defend itself.
You tentacle-slap the goblin. You grab the goblin. You constrict the goblin.
The goblin misses you.
You barely miss the goblin. You squeeze the goblin.
You kill the goblin!
Your rat disappears in a puff of smoke!
b - a +0 club You see here a goblin corpse.
You swap places.
s - 11 stones (gained 8)
You swap places.
You see here a goblin corpse.
Your rat disappears in a puff of smoke!
There is a stone staircase leading down here.
s - 19 stones (gained 8)
A goblin comes into view. It is wielding a +0 club.
MP restored: 3
a - a +0 dagger (weapon)
You throw a stone. The stone hits the goblin.
The goblin shouts!
The goblin barely misses you.
You hit the goblin. Your grab misses the goblin. You tentacle-slap the goblin.
You kill the goblin!
No target in view!
Clearing quiver.
c - a scroll labelled ZEJUUC UTOMELI
d - a scroll labelled DUUTHR FONA
Found a stone staircase leading down.
You see here a +0 sling.
e - a +0 sling
Found an escape hatch in the floor.
f - a fizzy orange potion You now have 7 gold pieces.
A bat and a ball python come into view.
You now have 2/3 mp.
You now have 1/3 mp.
You hit the bat. You grab the bat. Your squeeze misses the bat.
You constrict the bat.
You kill the bat!
Your Stealth skill increases to level 3!
You have reached level 2!
Health restored: 17 The ball python hisses angrily.
You see here a bat corpse.
You swap places.
The ball python bites your quokka but does no damage.
The ball python grabs your quokka. The ball python constricts your quokka.
Your quokka bites the ball python.
The ball python bites your quokka. The ball python constricts your quokka.
You swap places.
Your quokka bites the ball python.
The ball python dies!
Memorise Call Imp, consuming 2 spell levels and leaving 2?
You start memorising the spell.
You continue memorising. x2
You finish memorising.
Spell assigned to 'c'.
Your quokka disappears in a puff of smoke!
Your quokka disappears in a puff of smoke!
You see here a bat corpse.
You see here a ball python corpse.
You now have 16 gold pieces (gained 9).
A frilled lizard comes into view.
MP restored: 5

.#############......######..###.#
.#...........####..............>#
.#.#########.# #################
.#.# #.# .#.# #†# .#.# #†#######
.#.#########.......#
.................#.#
##.#############@#.#
#.........#.....#.#
#########.#l#.#.#.# #.#.#.##### #
#.#.....# #.#####.# #.# #.#


You could see a frilled lizard (asleep).

Vanquished Creatures
  A bat (D:1)
  2 giant cockroaches (D:1)
  2 goblins (D:1)
5 creatures vanquished.

Vanquished Creatures (collateral kills)
  A ball python (D:1)
  A kobold (D:1)
2 creatures vanquished.

Grand Total: 7 creatures vanquished

Notes
Turn   | Place    | Note
-------+----------+-------------------------------------------
     0 | D:1      | OTABOTABOTAB the Octopode Summoner began the quest for the
                  | Orb.
     0 | D:1      | Reached XP level 1. HP: 11/11 MP: 3/3
   350 | D:1      | Reached skill level 3 in Stealth
   350 | D:1      | Reached XP level 2. HP: 17/17 MP: 1/5
   358 | D:1      | Learned a level 2 spell: Call Imp
   415 | D:1      | Quit the game

Illustrated notes

Levels and vault maps discovered:
D:1:      mrwooster_arrival_statue_2, layout_basic

Skill      XL: |  1 |
---------------+----+-----
Stealth        | 3 |  3.0
Dodging        | |  2.2
Spellcasting   | |  2.1
Summonings     | |  4.1

Action                     || total
---------------------------++-------
  Melee: Unarmed           ||    11
         Constrict         ||     5
         Dagger            ||     2
         Tentacles         ||     2
         Punch             ||     1
  Throw: Stone             ||     5
   Cast: Summon Small Mamm ||     8
   Stab: Sleeping          ||     1
 Armour: Skin              ||     1
  Dodge: Dodged            ||     7

Table legend: (Time is in decaauts)
 A = Elapsed time spent in this place.
 B = Non-inter-level travel time spent in this place.
 C = Inter-level travel time spent in this place.
 D = Time resting spent in this place.
 E = Time spent auto-exploring this place.
 F = Levels seen in this place.
 G = Mean time per level.
                   A        B        C        D        E       F      G
               +--------+--------+--------+--------+--------+-----+--------+
         Total |    415 |    415 |      0 |      0 |    340 |   1 |  415.0 |
       Dungeon |    415 |    415 |      0 |      0 |    340 |   1 |  415.0 |
               +--------+--------+--------+--------+--------+-----+--------+

Top non-repeatable levels by time:
     D:1: 415 daAuts

Table legend:
 A = Kills in this place as a percentage of kills in entire the game.
 B = Kills by you in this place as a percentage of kills by you in the entire game.
 C = Kills by friends in this place as a percentage of kills by friends in the entire game.
 D = Other kills in this place as a percentage of other kills in the entire game.
 E = Experience gained in this place as a percentage of experience gained in the entire game.
 F = Experience gained in this place divided by the number of levels of this place that you have seen.
                   A       B       C       D       E      F
               +-------+-------+-------+-------+-------+----------------------
         Total | 100.0 | 100.0 | 100.0 |   N/A | 100.0 |  12.0
       Dungeon | 100.0 | 100.0 | 100.0 |   N/A | 100.0 |  12.0
               +-------+-------+-------+-------+-------+----------------------
